 Dungeon Crawl Stone Soup version 0.24.0-123-gd5b16e6ec5 (webtiles) character file.

Game seed: 13942839229179648857, levelgen mode: deterministic

182 MisterOstroum the Firebug (level 5, -3/29 HPs)
             Began as a Deep Elf Fire Elementalist on Jan 11, 2020.
             Was an Initiate of Vehumet.
             Slain by an orc wizard
             ... wielding a +0 dagger
              (5 damage)
             ... on level 4 of the Dungeon.
             The game lasted 00:04:00 (3671 turns).

MisterOstroum the Firebug (DEFE)                    Turns: 3671, Time: 00:04:01

Health: -3/29      AC:  4    Str:  5    XL:     5   Next: 35%
Magic:  0/12       EV: 13    Int: 21    God:    Vehumet [......]
Gold:   140        SH:  0    Dex: 15    Spells: 2/10 levels left

rFire    . . .     SeeInvis .   l - +1 dagger (venom)
rCold    . . .     Gourm    .   (no shield)
rNeg     . . .     Faith    .   a - +0 robe
rPois    .         Spirit   .   b - +2 hat
rElec    .         Reflect  .   (no cloak)
rCorr    .         Harm     .   (no gloves)
MR       .....     Rnd*Tele +   (no boots)
Stlth    ++........             (no amulet)
HPRegen  0.09/turn              c - ring of teleportation (curse)
MPRegen  0.13/turn              (no ring)

@: slowed, very slow
A: no striking features
a: Renounce Religion


You were on level 4 of the Dungeon.
You worshipped Vehumet.
Vehumet was noncommittal.
You were hungry.

You visited 1 branch of the dungeon, and saw 4 of its levels.

You collected 140 gold pieces.

Inventory:

Hand Weapons
 k - a +0 dagger
 l - a +1 dagger of venom (weapon)
Missiles
 d - 156 stones (quivered)
 f - 11 bolts
 j - 20 poisoned darts
 o - 44 sling bullets
 u - 15 arrows
Armour
 a - a +0 robe (worn)
 b - a +2 hat (worn)
 n - a +0 helmet
Jewellery
 c - a cursed ring of teleportation (left hand)
 x - an uncursed amulet of regeneration {unknown}
Scrolls
 g - 3 scrolls of magic mapping {unknown}
 i - a scroll of blinking {unknown}
 q - 4 scrolls of identify {unknown}
 s - a scroll of enchant armour {unknown}
 v - a scroll of amnesia {unknown}
 y - a scroll of immolation {unknown}
Potions
 h - 4 potions of flight {unknown}
 m - a potion of curing {unknown}
 p - a potion of invisibility {unknown}
 r - a potion of haste {unknown}
 t - a potion of might {unknown}
 w - 3 potions of ambrosia {unknown}
 z - a potion of heal wounds {unknown}
 A - a potion of mutation {unknown}
 B - a potion of berserk rage {unknown}
Comestibles
 e - 9 rations
 C - 2 chunks of flesh


   Skills:
 * Level 1.2 Fighting
 * Level 3.2 Dodging
 - Level 2.4 Stealth
 + Level 3.4 Spellcasting
 + Level 3.4 Conjurations
 + Level 4.7 Fire Magic


You had 2 spell levels left.
You knew the following spells:

 Your Spells              Type           Power        Failure   Level  Hunger
a - Flame Tongue          Conj/Fire      ###..        2%          1    None
b - Throw Flame           Conj/Fire      ###...       3%          2    ##.....
c - Fireball              Conj/Fire      ###.......   54%         5    ######.

Your spell library contained the following spells:

 Spells                   Type           Power        Failure   Level  Hunger
 Conjure Flame            Conj/Fire      ###.....     7%          3    ###....
 Inner Flame              Hex/Fire       ##......     14%         3    ###....
 Sticky Flame             Conj/Fire      ###.....     24%         4    ####...


Dungeon Overview and Level Annotations

Branches:
Dungeon (4/15)
 Temple: D:4-7

Altars:
Dithmenos
Kikubaaqudgha
Makhleb
Qazlal
Trog
Vehumet
Wu Jian
Zin


Message History

Aiming: Throw Flame (safe; 3% risk of failure)
Press: ? - help, Shift-Dir - straight line, f/p - orc wizard
Aim: an orc wizard, wielding a +0 dagger and wearing a +0 robe (moderately wounded)
The puff of flame misses the orc wizard.
Casting: Throw Flame (safe; 3% risk of failure)
Confirm with . or Enter, or press ? or * to list all spells.
Aiming: Throw Flame (safe; 3% risk of failure)
Press: ? - help, Shift-Dir - straight line, f/p - orc wizard
Aim: an orc wizard, wielding a +0 dagger and wearing a +0 robe (moderately wounded)
The puff of flame hits the orc wizard!
The orc wizard is almost dead.
The orc wizard points at you and mumbles some strange words.
You resist with some effort.
Casting: Throw Flame (safe; 3% risk of failure)
Confirm with . or Enter, or press ? or * to list all spells.
You can't see any susceptible monsters within range! (Use Z to cast anyway.)
You start resting.
The orc wizard is too close now for your liking.
Casting: Throw Flame (safe; 3% risk of failure)
Confirm with . or Enter, or press ? or * to list all spells.
Aiming: Flame Tongue (safe; 2% risk of failure)
Press: ? - help, Shift-Dir - straight line, f/p - orc wizard
Aim: an orc wizard, wielding a +0 dagger and wearing a +0 robe (almost dead)
The flame tongue hits the orc wizard!
You kill the orc wizard!
Vehumet accepts your kill.
Casting: Flame Tongue (safe; 2% risk of failure)
Confirm with . or Enter, or press ? or * to list all spells.
You can't see any susceptible monsters within range! (Use Z to cast anyway.)
An orc wizard comes into view. It is wielding a +0 dagger.
The orc wizard hits you but does no damage.
Things that are here:
a +0 dagger; a +0 robe; 6 gold pieces There isn't anything to butcher here.
Casting: Flame Tongue (safe; 2% risk of failure)
Confirm with . or Enter, or press ? or * to list all spells.
Aiming: Flame Tongue (safe; 2% risk of failure)
Press: ? - help, Shift-Dir - straight line, f - orc wizard
Aim: an orc wizard, wielding a +0 dagger and wearing a +0 robe The flame tongue misses the orc wizard.
The orc wizard hits you with a +0 dagger.
Casting: Flame Tongue (safe; 2% risk of failure)
Confirm with . or Enter, or press ? or * to list all spells.
Aiming: Flame Tongue (safe; 2% risk of failure)
Press: ? - help, Shift-Dir - straight line, f/p - orc wizard
Aim: an orc wizard, wielding a +0 dagger and wearing a +0 robe The flame tongue misses the orc wizard.
The orc wizard hits you but does no damage.
Casting: Flame Tongue (safe; 2% risk of failure)
Confirm with . or Enter, or press ? or * to list all spells.
Aiming: Flame Tongue (safe; 2% risk of failure)
Press: ? - help, Shift-Dir - straight line, f/p - orc wizard
Aim: an orc wizard, wielding a +0 dagger and wearing a +0 robe The flame tongue hits the orc wizard!
The orc wizard is heavily wounded.
The orc wizard gestures at you while chanting.
The magic dart hits you!
Casting: Flame Tongue (safe; 2% risk of failure)
Confirm with . or Enter, or press ? or * to list all spells.
You don't have enough magic to cast that spell.
You hit the orc wizard but do no damage.
The orc wizard is heavily wounded.
The orc wizard closely misses you.
You closely miss the orc wizard.
The orc wizard is heavily wounded.
The orc wizard points at you and mumbles some strange words.
The magic dart hits you.
You miss the orc wizard.
The orc wizard is heavily wounded.
The orc wizard casts a spell.
The orc wizard blinks!
The orc wizard casts a spell at you.
You feel yourself slow down.
Things that are here:
a +0 dagger; a +0 robe; 6 gold pieces The orc wizard casts a spell.
The orc wizard blinks!
The orc wizard gestures at you while chanting.
The magic dart hits you!
* * * LOW HITPOINT WARNING * * *
You hit the orc wizard but do no damage.
The orc wizard is poisoned.
The orc wizard is heavily wounded.
The orc wizard hits you but does no damage.
The orc wizard points at you and mumbles some strange words.
The magic dart hits you.
* * * LOW HITPOINT WARNING * * *
Casting: Flame Tongue (safe; 2% risk of failure)
Confirm with . or Enter, or press ? or * to list all spells.
Aiming: Throw Flame (safe; 3% risk of failure)
Press: ? - help, Shift-Dir - straight line, f/p - orc wizard
Aim: an orc wizard, wielding a +0 dagger and wearing a +0 robe (severely wounded, poisoned)
The puff of flame hits the orc wizard.
The orc wizard is severely wounded.
You are feeling hungry.
The orc wizard hits you but does no damage.
You barely miss the orc wizard.
The orc wizard is almost dead.
The orc wizard hits you with a +0 dagger.
You die...

.#.# ### ....##### #.. ........#
>[ #. #.# ..<.. ... # .##.# # #.#
#...###.###.##.....# #.#.#
#.#.##...)....# #..#
#.#.#####........# #..# ####
#...........##..o# ####..###...
###.#####.####..@#####...........
#.# #.####.................## #.#
#.........#........#####
#.##########..#####.###.##
.##.............#####.###.#
........รท.####............#
#######...# ###...########
##.#####.....# #.......#...#


You could see an orc wizard.

Vanquished Creatures
  A hound (D:4)
  Terence (D:3)
  An orc wizard (D:4)
  A worker ant (D:4)
  An ooze (D:1)
  A dart slug (D:2)
  3 leopard geckos
  2 orcs
  4 giant cockroaches
  8 goblins
  7 hobgoblins
  4 jackals (D:3)
  3 kobolds
  A quokka (D:4)
  4 ball pythons
  12 bats
  3 frilled lizards
  9 rats
66 creatures vanquished.

Notes
Turn   | Place    | Note
-------+----------+-------------------------------------------
     0 | D:1      | MisterOstroum the Deep Elf Fire Elementalist began the
                  | quest for the Orb.
     0 | D:1      | Reached XP level 1. HP: 10/10 MP: 6/6
   170 | D:1      | Reached XP level 2. HP: 15/15 MP: 6/8
   277 | D:1      | Learned a level 2 spell: Throw Flame
   595 | D:1      | Reached skill level 4 in Fire Magic
   693 | D:1      | Reached XP level 3. HP: 19/19 MP: 6/9
  1367 | D:2      | Found an ancient bone altar of Kikubaaqudgha.
  1397 | D:2      | Found a shadowy altar of Dithmenos.
  1781 | D:2      | Found a burning altar of Makhleb.
  1845 | D:2      | Found a glowing silver altar of Zin.
  1904 | D:2      | Found an ornate altar of the Wu Jian Council.
  2102 | D:2      | Found a stormy altar of Qazlal.
  2184 | D:2      | Found a bloodstained altar of Trog.
  2739 | D:3      | Reached XP level 4. HP: 24/24 MP: 7/10
  2978 | D:3      | Found a radiant altar of Vehumet.
  2986 | D:3      | Noticed Terence
  2990 | D:3      | Became a worshipper of Vehumet
  3003 | D:3      | Killed Terence
  3461 | D:4      | Reached skill level 1 in Fighting
  3461 | D:4      | Reached XP level 5. HP: 29/29 MP: 2/12
  3468 | D:4      | Learned a level 5 spell: Fireball
  3671 | D:4      | Slain by an orc wizard

Levels and vault maps discovered:
D:1:      lemuel_arrival_behind_the_door_large, layout_loops_ring,
          grunt_decor_cap, minmay_misc_feat_secret_circle
D:2:      layout_loops_cross, lemuel_crystal_altar,
          nicolae_overflow_crystal_walls, grunt_qazlal_clouds,
          nicolae_overflow_hidden_temple, grunt_temple_overflow_open,
          lightli_temple_of_fire, minmay_statues_item
D:3:      layout_basic, lemuel_crystal_altar, chequers_serial_rivers_micro_b,
          uniq_terence
D:4:      layout_loops_ring, kennysheep_mini

Skill      XL: |  1  2  3  4 |
---------------+-------------+-----
Conjurations   | 2 3 |  3.4
Fire Magic     | 4 |  4.7
Fighting       | 1 |  1.2
Dodging        | 3 |  3.2
Stealth        | |  2.4
Spellcasting   | |  3.4

Action                   |  1- 3 |  4- 6 || total
-------------------------+-------+-------++-------
Melee: Dagger            |    23 |    18 ||    41
 Cast: Flame Tongue      |    19 |    10 ||    29
       Throw Flame       |    55 |    26 ||    81
  Eat: Chunk             |     8 |     3 ||    11
Armor: Robe              |    13 |     8 ||    21
Dodge: Dodged            |    34 |    18 ||    52
